 Dungeon Crawl Stone Soup version 0.18.1-50-g88ac8fd (console) character file.

19 CALLOUS the Insei (level 2, -8/28 HPs)
             Began as a Naga Monk on May 16, 2018.
             Mangled by a gnoll
             ... wielding a +0 spear
              (12 damage)
             ... on level 1 of the Dungeon.
             The game lasted 00:14:30 (1077 turns).

CALLOUS the Insei (Naga Monk)                       Turns: 1077, Time: 00:14:31

Health: -8/28      AC:  1    Str: 13    XL:     2   Next: 75%
Magic:  2/2        EV: 10    Int: 10    God:
Gold:   11         SH:  0    Dex: 13    Spells: 0 memorised, 1 level left

rFire  . . .     SeeInvis +     d - +0 hand axe (venom)
rCold  . . .     Gourm    .     a - +0 robe
rNeg   . . .     Faith    .     (no shield)
rPois  +         Spirit   .     (no helmet)
rElec  .         Dismiss  .     (no cloak)
rCorr  .         Reflect  .     (no gloves)
SustAt .         Harm     .     (no barding)
MR     .....                    (no amulet)
Stlth  ++........               (no ring)
                                (no ring)

@: short of breath, very slow, not resistant to hostile enchantments, unstealthy
A: see invisible, deformed body, poison resistance, slowness 2, slow metabolism
1, spit poison 2, AC +0
a: Spit Poison


You were on level 1 of the Dungeon.
You were not hungry.

You visited 1 branch of the dungeon, and saw 2 of its levels.

You collected 11 gold pieces.

Inventory:

Hand Weapons
 d - a +0 hand axe of venom (weapon)
 m - a +0 hunting sling
Missiles
 e - 4 stones (quivered)
 h - 8 steel javelins
 i - 14 sling bullets
Armour
 a - a +0 robe (worn)
Scrolls
 f - a scroll of random uselessness {unknown}
 g - a scroll of remove curse {unknown}
 j - a scroll of identify {unknown}
Potions
 c - a potion of might {unknown}
 l - a potion of lignification {unknown}
Comestibles
 b - 2 bread rations
 k - a beef jerky


   Skills:
 * Level 3.5 Fighting
 + Level 2.7 Dodging
 + Level 3.1 Stealth
 - Level 4.0 Unarmed Combat


You had one spell level left.
You didn't know any spells.

Dungeon Overview and Level Annotations

Branches:
Dungeon (2/15)

Altars:


Innate Abilities, Weirdness & Mutations

You cannot wear boots.
Your serpentine skin is tough (AC +0).
You have supernaturally acute eyesight.
Armour fits poorly on your strangely shaped body.
Your system is resistant to poisons.
You cover ground very slowly.
You have a slow metabolism.
You can spit poison.


Message History

The floor.
Unknown command.
Press: ? - help, v - describe, . - travel
Here: a gnoll, wielding a spear (moderately wounded)
The floor.
Unknown command.
The bat hits you but does no damage. The bat hits you.
The giant newt bites you. The bat hits you. The bat closely misses you.
The gnoll hits you with a spear. The giant newt misses you.
There is a stone staircase leading up here.
The bat hits you but does no damage. The gnoll hits you with a spear.
The giant newt bites you. The gnoll hits you!
* * * LOW HITPOINT WARNING * * *
You climb upwards.
There is a stone staircase leading down here.
Wield which item (- for none, * to show all)? (? for menu, Esc to quit)
Okay, then.
Wield which item (- for none, * to show all)? (? for menu, Esc to quit)
Your +0 hand axe of venom begins to drip with poison!
d - a +0 hand axe of venom (weapon)
The gnoll hits you with a spear!
You die...

.........# #####################
.........# #....................
.........####.#####....####......
.........'........+....+........>
.........####.#####....##........
.........# ##.######+####........
.........# #.....................
.....§§.####.......#.####.#......
..≈≈§§...##...≈≈≈≈...# #.#......
.≈≈§≈§≈......≈≈≈≈≈≈..# #.#......
.≈≈≈§≈§......≈≈g@≈≈..####.#......
.≈≈§≈§§......≈≈≈≈l≈..#...........
..≈≈§§§.####..≈≈≈≈...#.##.#......
#......## ##........#.##+#......
.......# #.####..##...........
.......## ##....................
..##....####..####..##...........
#.##.........#####..##...........
..........#.........##.##).......
#.##..##...#######...............
#.##..##...#######..##.##........


You could see a gnoll and a giant newt.

Vanquished Creatures
  2 dart slugs (D:1)
  A giant cockroach (D:1)
  2 goblins (D:1)
  3 hobgoblins (D:1)
  3 kobolds (D:1)
  2 giant newts (D:1)
13 creatures vanquished.

Notes
Turn   | Place    | Note
--------------------------------------------------------------
     0 | D:1      | CALLOUS the Naga Monk began the quest for the Orb.
     0 | D:1      | Reached XP level 1. HP: 21/21 MP: 1/1
   204 | D:1      | Reached XP level 2. HP: 24/28 MP: 2/2
  1077 | D:1      | Mangled by a gnoll

Action                   || total
-------------------------++-------
Melee: Unarmed           ||     6
       Hand axe          ||     1
 Abil: Spit Poison       ||    20
  Eat: Chunk             ||     1
Armor: Robe              ||     2
Dodge: Dodged            ||     4
